 Dungeon Crawl Stone Soup version 0.29.1-15-g9cfb28693d (webtiles) character file.

Game seed: 8052329697612680665

348 Smoke131 the Trooper (level 6, -2/65 HPs)
             Began as an Ogre Gladiator on Mar 16, 2023.
             Slain by an ogre
             ... wielding a +0 giant club
              (30 damage)
             ... on level 4 of the Dungeon on Mar 20, 2023.
             The game lasted 00:10:01 (4794 turns).

Smoke131 the Trooper (Ogre Gladiator)               Turns: 4794, Time: 00:10:01

Health: -2/65      AC:  4    Str: 21    XL:     6   Next: 60%
Magic:  6/6        EV: 11    Int:  9    God:
Gold:   300        SH:  0    Dex: 16    Spells: 5/5 levels left

rFire   . . .      SeeInvis .   a - +0 trident
rCold   . . .      Faith    .   (no shield)
rNeg    . . .      Spirit   .   b - +0 robe
rPois   .          Reflect  .   c - +0 hat
rElec   .          Harm     .   r - +0 cloak
rCorr   .          Rampage  .   (gloves unavailable)
Will    .....                   (boots unavailable)
Stlth   +.........              (no amulet)
HPRegen 0.20/turn               i - ring of flight
MPRegen 0.10/turn               p - +6 ring of dexterity

@: flying
A: large, unfitting armour, tough skin 1
a: no special abilities


You were on level 4 of the Dungeon.
You visited 1 branch of the dungeon, and saw 5 of its levels.

You collected 300 gold pieces.

Inventory:

Hand Weapons
 a - a +0 trident (weapon)
Missiles
 d - 3 throwing nets
 e - a large rock
 m - 5 javelins
 o - 8 poisoned darts (quivered)
Armour
 b - a +0 robe (worn)
 c - a +0 hat (worn)
 r - a +0 cloak (worn)
Jewellery
 i - a ring of flight (left hand)
 p - a +6 ring of dexterity (right hand)
Scrolls
 q - a scroll of magic mapping
 s - a scroll of fear
 u - a scroll of summoning
Potions
 f - 2 potions of attraction
 g - a potion of cancellation
 h - a potion of brilliance {unknown}
 j - a potion of curing {unknown}
 k - 3 potions of might
 l - 3 potions of heal wounds
 n - a potion of resistance {unknown}
 t - 2 potions of flight {unknown}


   Skills:
 + Level 4.9 Fighting
 + Level 4.3 Polearms
 + Level 3.6 Throwing
 + Level 2.3 Armour
 - Level 3.0 Dodging


You had 5 spell levels left.
You didn't know any spells.
Your spell library was empty.

Dungeon Overview and Level Annotations

Branches:
Dungeon (5/15)
 Temple: D:4-7

Altars:
Nemelex Xobeh
Sif Muna
Wu Jian
The Shining One


Innate Abilities, Weirdness & Mutations

You are too large for most types of armour.
You have tough skin. (AC +1)


Message History

As you read the scroll labelled MOEHOZ ORUPAGE, it crumbles to dust.
Wisps of shadow whirl around you...
It was a scroll of summoning.
You start waiting.
Your orc wizard dissolves into shadows!
Your orc dissolves into shadows!
Your orc wizard dissolves into shadows!
Your orc dissolves into shadows!
Your ogre dissolves into shadows!
Your black bear dissolves into shadows!
Done waiting.
Things that are here:
a +0 morningstar; an orc corpse
Found a stone staircase leading down.
You now have 300 gold pieces (gained 13).
As you open the door, it creaks loudly!
An ogre comes into view. It is wielding a +0 giant club.
The ogre moves out of view.
You reach down and open the door.
An orc and an orc priest come into view.
The ogre shouts!
The orc priest shouts!
The orc shouts!
You hear a shout! x2
An adder comes into view.
The orc moves out of view.
A hound comes into view.
An orc comes into view. It is wielding a +0 mace.
The hound stops to sniff the ground.
The orc priest looks satisfied for a moment.
Things that are here:
a +0 morningstar; an orc corpse
There is a stone staircase leading up here.
Throw: 9 darts (poison)
Press: ? - help, Q - select action, (/) - cycle Shift-Dir - straight line, f - ogre
Aim: an ogre, wielding a +0 giant club (77% to hit)
You throw a poisoned dart. The poisoned dart hits the ogre.
The ogre is poisoned.
The ogre hits you with a +0 giant club!!
You fly upwards.
There is a stone staircase leading down here.
The ogre hits you with a +0 giant club!!
The ogre attacks as you move away!
The ogre hits you with a +0 giant club!!
You die...

..##..#.....#######...#.....#
..'...#.....# #...#.....#####
..#...#.....# ########......#
#'#####.....####### #......#
..#######'###.....## #......#
...).......#.......# #......#
...........#.....>.# #......#
...........#....O..# #......#
...........#....@..# #......#
#######..####.##'### #......#
....###..####'#....# #......#
.........#....#....# #......#
.........#....#....# #......#
.........######....# #......#
.....###'#.........# #......#
.....##..#.....##### #..>...#
.........'.....#...# #......#


You could see an ogre (poisoned).

Vanquished Creatures
  A black bear (D:4)
  An ogre (D:4)
  3 gnolls (D:3)
  5 adders
  4 worms
  3 dart slugs
  7 orcs
  5 ball pythons
  5 bats
  4 endoplasms
  2 giant cockroaches
  7 goblins
  9 hobgoblins
  4 jackals (D:1)
  10 kobolds
  3 quokkas
  2 frilled lizards (D:3)
  3 rats
78 creatures vanquished.

Notes
Turn   | Place    | Note
-------+----------+-------------------------------------------
     0 | D:1      | Smoke131 the Ogre Gladiator began the quest for the Orb.
     0 | D:1      | Reached XP level 1. HP: 22/22 MP: 1/1
   515 | D:1      | Reached XP level 2. HP: 29/29 MP: 2/2
  1491 | D:2      | Reached XP level 3. HP: 37/37 MP: 3/3
  1531 | D:2      | Found a faded altar of an unknown god.
  2294 | D:3      | Found a glowing golden altar of the Shining One.
  2346 | D:3      | Reached skill level 1 in Armour
  2371 | D:3      | Reached XP level 4. HP: 28/45 MP: 4/4
  2847 | D:3      | Reached XP level 5. HP: 54/54 MP: 5/5
  3703 | D:4      | Noticed a black bear
  3728 | D:4      | Killed a black bear
  3729 | D:4      | Reached XP level 6. HP: 32/63 MP: 6/6
  4383 | D:4      | Found a sparkling altar of Nemelex Xobeh.
  4385 | D:4      | Found a shimmering blue altar of Sif Muna.
  4388 | D:4      | Found an ornate altar of the Wu Jian Council.
  4611 | D:5      | Entered Level 5 of the Dungeon
  4794 | D:4      | Slain by an ogre

Illustrated notes

Levels and vault maps discovered:
D:1:      dpeg_arrival_connections, layout_basic, dreamdust_wishing_well,
          minmay_misc_feat_pillars
D:2:      layout_loops_ring, hellmonk_ecumenical_altar_zigzags, minivault_26
D:3:      layout_basic, overflow_temple_1_default, minmay_ruptured
D:4:      layout_gridville, grunt_temple_overflow_open
D:5:      layout_basic, kennysheep_little_box, minmay_temple_entry_sparse_star,
          minmay_puff

Skill      XL: |  1  2  3  4  5 |
---------------+----------------+-----
Fighting       | 3 4 |  4.9
Dodging        | 3 |  3.0
Armour         | 1 2 |  2.3
Throwing       | 3 |  3.6
Polearms       | 4 |  4.3

Action                   |  1- 3 |  4- 6 || total
-------------------------+-------+-------++-------
Melee: Trident           |   117 |   140 ||   257
       Punch             |       |     2 ||     2
Throw: Dart              |       |    14 ||    14
       Throwing net      |       |     2 ||     2
  Use: Scroll            |       |     9 ||     9
 Stab: Sleeping          |     2 |     1 ||     3
Armor: Robe              |    26 |    42 ||    68
Dodge: Dodged            |    61 |   101 ||   162
